 Dungeon Crawl Stone Soup version 0.15-a0-2393-g54a05ab (webtiles) character file.

208069 fransbal the Thaumaturge (level 18, -6/171 HPs)
             Began as a Naga Wizard on July 29, 2014.
             Was the Champion of Sif Muna.
             Mangled by a white very ugly thing (53 damage)
             ... on Level 1 of the Vaults on Aug 2, 2014.
             The game lasted 04:19:17 (45078 turns).

fransbal the Thaumaturge (Naga Wizard)             Turns: 45078, Time: 04:19:17

HP  -6/171       AC 27     Str 12      XL: 18   Next: 77%
MP  25/38        EV 18     Int 21      God: Sif Muna [******]
Gold 2919        SH  4     Dex 13      Spells: 14 memorised,  5 levels left

rFire  + + +     SeeInvis +     a - +10 cutlass "Psuangyst" {venom, rElec rF++}
rCold  . . .     Clarity  .     p - +4 robe of Night {+Inv MR+ SInv Stlth+}
rNeg   . . .     rCorr    .     f - +0 buckler
rPois  +         rRot     .     x - +2 hat of Patience {Slay+4 Stlth+}
rElec  +         Spirit   .     d - +5 cloak of Awe {rElec rPois}
SustAb .         Warding  .     I - +2 pair of gloves "Xiebbov" {rPois}
rMut   .         Stasis   .     N - +1 naga barding {rF+}
Gourm  +                        s - amulet of the gourmand
MR     +++..                    H - +4 ring of evasion
                                g - +5 ring of slaying {mikee}

@: repel missiles, very slow, extremely resistant to hostile enchantments, very
stealthy
A: spit poison, constrict 1, see invisible, deformed body, poison resistance,
slowness 2, AC +6
a: Spit Poison, Channel Energy, Forget Spell, Renounce Religion, Evoke
Invisibility
}: 1/15 runes: serpentine


You were on level 1 of the Vaults.
You worshipped Sif Muna.
Sif Muna was exalted by your worship.
You were full.

You visited 6 branches of the dungeon, and saw 34 of its levels.
You also visited: Trove.

You collected 4385 gold pieces.
You spent 1466 gold pieces at shops.


Innate Abilities, Weirdness & Mutations

You cannot wear boots.
You can spit poison.
You can use your snake-like lower body to constrict enemies.
Your serpentine skin is tough (AC +6).
You have supernaturally acute eyesight.
Armour fits poorly on your strangely shaped body.
Your system is resistant to poisons.
You cover ground very slowly.


   Skills:
 + Level 13.3 Fighting
 - Level 14.0(14.1) Short Blades
   Level 3.0(9.8) Long Blades
 - Level 12.4 Dodging
 - Level 7.9 Stealth
 - Level 3.1 Shields
 + Level 14.5 Spellcasting
 - Level 10.5 Conjurations
 - Level 4.0 Hexes
 - Level 2.2 Charms
 - Level 1.5 Summonings
 - Level 7.4 Translocations
 - Level 1.3 Fire Magic
 - Level 3.6 Ice Magic
 - Level 9.8 Poison Magic


You had 5 spell levels left.
You knew the following spells:

 Your Spells              Type           Power        Failure   Level  Hunger
a - Magic Dart            Conj           ####         1%          1    None
d - Conjure Flame         Conj/Fire      #####...     1%          3    None
e - Ensorcelled Hibernat  Hex/Ice        ####..       1%          2    None
f - Flight                Chrm/Air       ###.......   10%         3    None
g - Fulminant Prism       Conj/Hex       #####.....   2%          4    None
i - Cure Poison           Pois           ######....   1%          2    None
j - Abjuration            Summ           ###.......   10%         3    None
p - Phase Shift           Tloc           #####.....   6%          5    ##.....
q - Throw Icicle          Conj/Ice       #####...     2%          4    None
r - Repel Missiles        Chrm/Air       ###...       4%          2    None
v - Blink                 Tloc           N/A          1%          2    None
w - Poison Arrow          Conj/Pois      ######....   12%         6    #####..
X - Dazzling Spray        Conj/Hex       #####...     1%          3    None
Z - Summon Butterflies    Summ           ###.....     1%          1    None

Inventory:

Hand weapons
 a - the +10 cutlass "Psuangyst" (weapon) {venom, rElec rF++}
   (You bought it in a shop on level 7 of the Dungeon)

   It poisons the flesh of those it strikes.
   It greatly protects you from fire.
   It insulates you from electricity.
 m - the +8 blowgun of the Moon {evade, Str-1}
   (You found it in a treasure trove)

   It affects your evasion (+5 to EV).
   It affects your strength (-1).
 w - the +5 short sword of Instant Death {elec, -Tele +Rage rC++ SInv}
   (You found it in a treasure trove)

   Occasionally, upon striking a foe, it will discharge some electrical energy
   and cause terrible harm.
   It greatly protects you from cold.
   It enhances your eyesight.
   It lets you go berserk.
   It prevents most forms of teleportation.
Missiles
 S - 9 curare-tipped needles
Armour
 d - the +5 cloak of Awe (worn) {rElec rPois}
   (You found it on level 7 of the Lair of Beasts)

   It insulates you from electricity.
   It protects you from poison.
 f - a +0 buckler (worn)
 p - the +4 robe of Night (worn) {+Inv MR+ SInv Stlth+}
   (You found it in a treasure trove)

   It affects your resistance to hostile enchantments.
   It enhances your eyesight.
   It lets you turn invisible.
   It makes you more stealthy.
 x - the +2 hat of Patience (worn) {Slay+4 Stlth+}
   (You bought it in a shop on level 15 of the Dungeon)

   It affects your accuracy and damage with ranged weapons and melee attacks
   (+4).
   It makes you more stealthy.
 I - the +2 pair of gloves "Xiebbov" (worn) {rPois}
   (You found it on level 5 of the Snake Pit)

   It protects you from poison.
 N - a +1 naga barding of fire resistance (worn)
Magical devices
 c - a wand of fireball (0)
 i - a wand of draining (6)
 l - a wand of digging (15)
 q - a wand of hasting (9)
 t - a wand of teleportation (7)
 u - a wand of fire (3)
 M - a wand of cold (8)
 O - a wand of digging (12)
 T - a wand of cold (0)
 Y - a wand of heal wounds (6) {!d}
Comestibles
 z - 10 beef jerkies
 A - 14 royal jellies
 R - 12 slices of pizza
Scrolls
 b - 3 scrolls of blinking
 j - 6 scrolls of teleportation
 n - a scroll of fear
 y - 4 scrolls of fog
 C - 8 scrolls of recharging
 F - 2 scrolls of identify
 J - 4 scrolls of remove curse
 K - a scroll of holy word
 U - 3 scrolls of acquirement
Jewellery
 e - an uncursed ring of stealth
 g - a +5 ring of slaying (left hand) {mikee}
 k - an uncursed ring of protection from cold
 r - an uncursed ring of positive energy
 s - an amulet of the gourmand (around neck)
 D - an uncursed ring of protection from magic
 H - a +4 ring of evasion (right hand)
Potions
 o - 4 potions of curing
 B - 5 potions of agility
 G - 2 potions of magic
 L - 3 potions of invisibility
 P - 4 potions of heal wounds
 Q - 4 potions of might
 V - 5 potions of resistance
 W - a potion of cancellation
 X - 4 potions of haste
Books
 h - Sif Muna's Tome of Glacial Battle Magic
   (Sif Muna gifted it to you on level 5 of the Snake Pit)

   Spells                             Type                      Level
   Throw Frost                        Conjuration/Ice              2
   Metabolic Englaciation             Hexes/Ice                    5
   Freezing Cloud                     Conjuration/Ice/Air          6
   Spellforged Servitor               Conjuration/Summoning        7
 E - a book of Annihilations {highlevel}

   Spells                             Type                      Level
   *Poison Arrow                      Conjuration/Poison           6
   Chain Lightning                    Conjuration/Air              8
   Lehudib's Crystal Spear            Conjuration/Earth            8
   Glaciate                           Conjuration/Ice              9
   Fire Storm                         Conjuration/Fire             9


Message History

A white ugly thing comes into view.
Unknown command.
Enter note: god why Wield which item (- for none, * to show all)? (? for menu, Esc to quit)
It begins to drip with poison!
a - the +10 cutlass "Psuangyst" (weapon)
{venom, rElec rF++} You constrict the white very ugly thing.
Unknown command.
Unknown command.
Casting: Throw Icicle
Confirm with . or Enter, or press ? or * to list all spells.
Aiming: Poison Arrow
Press: ? - help, Shift-Dir - straight line, f/p - white very ugly thing
Aim: a white very ugly thing (lightly wounded, constricted by you)
You miscast Poison Arrow.
Sif Muna protects you from the effects of your miscast!
You constrict the white very ugly thing.
The white very ugly thing bites you.
The white very ugly thing freezes you!!!
You die...

#..###.....##.###'###.##.....
#.###...\..#.#.#.#.#.#.#.....
####.......##(#)#.#.#.##.....
#........#%#.#...#.#.#....
#### ########'#)###########..
...# ##.......# ...#
##.......## ...# ##.......##
...# ##......@## ...#
#.....uu## ...# #........#
#'#######.........#
........#....#....u#
........# ..###u... #.####..#
# ##.. .....#..# .....#..#


You could see a white very ugly thing and 2 ugly things.

Vanquished Creatures
  Frances (Snake:4)
  7 greater nagas
  A frost giant (Vaults:1)
  A vault warden (Vaults:1)
  Aizul (Snake:1)
  The ghost of Sovek the Bludgeoner, a mighty GrFi of Okawaru (D:15)
  An ettin (D:15)
  A fire dragon (Lair:7)
  A great orb of eyes (Vaults:1)
  Fannar (Orc:3)
  Harold (Orc:3)
  A yaktaur captain (Vaults:1)
  17 naga warriors
  3 ironheart preservers (Vaults:1)
  Nessos (Snake:1)
  A rakshasa (D:12)
  A hydra (D:13)
  Erica (Lair:4)
  3 centaur warriors
  6 ogre magi
  10 anacondas
  21 naga sharpshooters
  7 shock serpents
  A soul eater (D:12)
  A deep elf knight (D:15)
  A fire crab (Lair:5)
  A shadow wraith (Vaults:1)
  A sea snake (Snake:4)
  4 skeletal warriors (D:14)
  6 unseen horrors
  10 hill giants
  A deep troll (D:15)
  The ghost of Likado the Covert, an experienced SpEn of Dithmenos (D:8)
  3 ironbrand convokers (Vaults:1)
  A silver statue (D:12)
  13 naga ritualists
  A wizard (D:14)
  A lindwurm (Lair:5)
  A wolf spider zombie (D:15)
  2 wolf spiders (Vaults:1)
  A draconian (shapeshifter) (Vaults:1)
  4 orc knights
  6 cyclopes
  3 red wasps (Vaults:1)
  8 guardian serpents
  A manticore (D:12)
  55 black mambas
  3 griffons
  13 salamanders
  13 elephants
  4 vault sentinels (Vaults:1)
  A sixfirhy (D:12)
  9 mana vipers
  17 naga magi
  3 gargoyles
  2 mermaids (Lair:6)
  Joseph (Lair:1)
  A torpor snail (Lair:6)
  A centaur skeleton (D:15)
  A kobold demonologist (D:13)
  17 spiny frogs
  2 yaktaurs (Vaults:1)
  10 komodo dragons
  3 fire drakes
  2 efreet
  A spriggan druid (Lair:8)
  2 hellwings (D:12)
  Grinder (D:6)
  2 guardian mummies (D:14)
  17 two-headed ogres
  A harpy zombie (D:15)
  11 trolls
  2 merfolk (Lair:6)
  A queen bee (D:13)
  5 blink frogs (Lair:7)
  Sonja (Orc:3)
  7 polar bears (Lair:8)
  A boulder beetle (Lair:6)
  10 slime creatures
  2 deep elf magi
  2 shadows
  A trapdoor spider (D:15)
  9 spriggans (Lair:8)
  2 basilisks
  A hill giant zombie (D:12)
  2 wyverns
  20 ugly things
  45 yaks
  4 redbacks (Lair:8)
  3 hungry ghosts
  A ynoxinul (D:12)
  Eustachio (D:7)
  Grum (Orc:2)
  6 hippogriffs
  A human (D:7)
  A hog (D:7)
  A warg (Orc:4)
  45 nagas
  23 wolves
  The ghost of Likado the Grave Robber, an average DsNe (D:4)
  Edmund (D:5)
  Menkaure (D:6)
  A hill giant skeleton (D:10)
  2 vampire mosquitoes (Vaults:1)
  3 phantoms
  20 orc warriors
  12 porcupines
  42 water moccasins
  28 ogres
  3 yellow wasps (Lair:8)
  4 black bears
  3 ice beasts
  7 sky beasts
  2 manticore zombies
  A boring beetle (Lair:8)
  14 centaurs
  13 crocodiles
  A brain worm (D:15)
  A big kobold (D:12)
  24 giant frogs
  3 scorpions
  4 troll zombies
  17 wights
  A boulder beetle zombie (D:15)
  33 killer bees
  3 jellies
  3 quasits
  3 electric eels (D:8)
  A goliath beetle (D:8)
  24 orc priests
  6 crimson imps
  3 centaur zombies
  20 orc wizards
  20 hounds
  5 orange rats (Lair:5)
  Natasha (thrice) (D:3)
  A basilisk skeleton (D:15)
  An elf skeleton (D:12)
  8 worker ants
  23 sheep
  10 iguanas
  Jessica (D:3)
  6 ogre zombies (D:10)
  2 mummies
  7 gnolls
  76 green rats
  A scorpion zombie (D:8)
  36 adders
  A gnoll zombie (D:8)
  3 giant mites
  3 shadow imps
  2 white imps
  3 worms
  5 ufetubi (D:12)
  6 giant geckos
  An ooze (D:1)
  170 orcs
  12 bats
  2 bat skeletons
  A bat zombie (D:5)
  9 giant cockroaches
  A giant mite zombie (D:5)
  17 hobgoblins
  17 kobolds
  5 ball pythons
  5 giant newts
  22 goblins
  A goblin skeleton (D:10)
  2 goblin zombies
  A hobgoblin skeleton (D:10)
  4 hobgoblin zombies (D:10)
  20 jackals
  A kobold skeleton (D:7)
  2 kobold zombies
  4 orc skeletons
  20 orc zombies
  10 quokkas
  A quokka zombie (D:5)
  16 rats
  A rat skeleton (D:6)
  2 plants
1427 creatures vanquished.

Vanquished Creatures (collateral kills)
  Snorg (Orc:2)
  Urug (D:10)
  A wolf (Lair:8)
  2 orcs (Orc:4)
5 creatures vanquished.

Vanquished Creatures (others)
  An ogre mage (Vaults:1)
  A vampire mosquito (Vaults:1)
  3 crimson imps
  18 fulminant prisms (Snake:5)
  29 butterflies
  4 fungi
  4 plants
60 creatures vanquished.

Grand Total: 1492 creatures vanquished

Notes
Turn   | Place    | Note
--------------------------------------------------------------
     0 | D:1      | fransbal, the Naga Wizard, began the quest for the Orb.
     0 | D:1      | Reached XP level 1. HP: 15/15 MP: 4/4
   211 | D:1      | Reached XP level 2. HP: 22/22 MP: 0/6
   291 | D:1      | Learned a level 2 spell: Blink
   294 | D:1      | Learned a level 2 spell: Repel Missiles
   855 | D:1      | Reached XP level 3. HP: 22/28 MP: 0/8
   860 | D:1      | Learned a level 3 spell: Conjure Flame
   984 | D:2      | Found an iron altar of Okawaru.
  1630 | D:2      | Reached XP level 4. HP: 36/36 MP: 0/10
  2018 | D:3      | Reached skill level 4 in Spellcasting
  2018 | D:3      | Reached skill level 1 in Fire Magic
  2076 | D:3      | Reached skill level 3 in Conjurations
  2103 | D:3      | Reached XP level 5. HP: 42/42 MP: 9/13
  2334 | D:3      | Noticed Jessica
  2336 | D:3      | Killed Jessica
  2420 | D:3      | Noticed Natasha
  2427 | D:3      | Killed Natasha
  2432 | D:3      | Noticed Natasha
  2567 | D:3      | Killed Natasha
  2567 | D:3      | Reached XP level 6. HP: 40/49 MP: 12/15
  2786 | D:4      | Found a staircase to the Ecumenical Temple.
  2793 | Temple   | Entered the Ecumenical Temple
  2977 | Temple   | Became a worshipper of Sif Muna the Loreminder
  3039 | D:4      | Noticed Likado's ghost (average DsNe)
  3065 | D:4      | You fall through a shaft!
  3154 | D:6      | Found Mimuaw's General Store.
  3240 | D:6      | Noticed Grinder
  3270 | D:6      | Paralysed by Grinder for 4 turns
  3272 | D:6      | HP: 9/50 [Grinder (4)]
  3281 | D:6      | Paralysed by Grinder for 6 turns
  3291 | D:6      | Paralysed by Grinder for 6 turns
  3306 | D:6      | Killed Grinder
  3306 | D:6      | Reached skill level 5 in Spellcasting
  3306 | D:6      | Reached XP level 7. HP: 28/61 MP: 2/19
  3544 | D:5      | Entered Level 5 of the Dungeon
  4124 | D:4      | Killed Likado's ghost
  4124 | D:4      | Reached skill level 3 in Dodging
  4124 | D:4      | Reached skill level 6 in Spellcasting
  4301 | D:4      | Reached XP level 8. HP: 68/68 MP: 10/21
  4364 | D:4      | Found Wiamn's Food Shop.
  4457 | D:3      | Noticed Natasha
  4458 | D:3      | Killed Natasha
  4873 | D:5      | Reached skill level 1 in Long Blades
  5172 | D:5      | Noticed Edmund
  5181 | D:5      | Killed Edmund
  5181 | D:5      | Acquired Sif Muna's first power
  6042 | D:6      | Reached skill level 7 in Spellcasting
  6239 | D:6      | Noticed Menkaure
  6251 | D:6      | Killed Menkaure
  6569 | D:5      | Learned a level 2 spell: Call Imp
  6746 | D:6      | Reached skill level 3 in Fighting
  6799 | D:6      | Reached XP level 9. HP: 75/75 MP: 10/24
  6874 | D:6      | Reached skill level 3 in Long Blades
  6935 | D:7      | Found a radiant altar of Vehumet.
  6946 | D:7      | Noticed Eustachio
  7297 | D:6      | Reached skill level 1 in Charms
  7360 | D:7      | Learned a level 3 spell: Mephitic Cloud
  7571 | D:7      | Acquired Sif Muna's second power
  8233 | D:7      | Found Saazul's Antique Weapon Emporium.
  8258 | D:7      | Bought an ancient cutlass for 252 gold pieces
  8259 | D:7      | Identified the cursed +10 cutlass "Psuangyst" {venom, rElec rF++} (You bought it in a shop on level 7 of the Dungeon)
  8304 | D:7      | Killed Eustachio
  8509 | D:7      | Reached skill level 3 in Short Blades
  8509 | D:7      | Reached XP level 10. HP: 55/87 MP: 16/25
  8543 | D:7      | HP: 17/87 [killer bee (4)]
  8633 | D:7      | HP: 15/87 [killer bee (9)]
  8634 | D:7      | HP: 4/87 [killer bee (6)]
  9079 | D:8      | Noticed a cyclops
  9293 | D:8      | Noticed Likado's ghost (experienced SpEn)
  9325 | D:8      | Killed Likado's ghost
  9325 | D:8      | Reached skill level 6 in Short Blades
  9925 | D:8      | Found a staircase to the Lair.
 10100 | D:8      | Reached skill level 8 in Short Blades
 10272 | D:9      | Found Ymughuu's Antique Armour Shoppe.
 10692 | D:9      | Reached skill level 1 in Shields
 10723 | D:9      | Noticed a cyclops
 10747 | D:9      | Killed a cyclops
 10747 | D:9      | Reached skill level 9 in Short Blades
 10747 | D:9      | Reached XP level 11. HP: 93/93 MP: 16/27
 10869 | D:8      | HP: 11/93 [cyclops/ large rock (20)]
 10876 | D:8      | Killed a cyclops
 10877 | D:8      | dumb
 11218 | Lair:1   | Entered Level 1 of the Lair of Beasts
 11223 | Lair:1   | Noticed Joseph
 11234 | Lair:1   | Killed Joseph
 11234 | Lair:1   | Reached skill level 3 in Shields
 11423 | D:9      | Bought a crude robe for 165 gold pieces
 11435 | D:9      | Identified the cursed +2 robe "Wosmut" {Str+3 Dex+4} (You bought it in a shop on level 9 of the Dungeon)
 11496 | Lair:1   | You fall through a shaft!
 12349 | Lair:1   | Reached skill level 10 in Short Blades
 13943 | Lair:3   | Reached skill level 9 in Spellcasting
 14460 | Lair:3   | Reached skill level 11 in Short Blades
 14999 | Lair:4   | Noticed Maud
 15034 | Lair:4   | Noticed Erica
 15039 | Lair:4   | Killed Erica
 15044 | Lair:4   | Reached XP level 12. HP: 100/100 MP: 27/29
 15208 | D:9      | Bought a ripped robe for 165 gold pieces
 15430 | D:9      | Noticed a centaur warrior
 15679 | Lair:4   | Noticed Nergalle
 16118 | Lair:4   | Identified the +2 robe "Streshrau" {+Inv rF+ Str+4 Slay+3} (You bought it in a shop on level 9 of the Dungeon)
 16203 | Lair:4   | Reached skill level 12 in Short Blades
 17121 | Lair:5   | Got a heavy robe
 17133 | Lair:5   | Identified the +1 robe of Unaarphe {Str+3 Dex-2 SInv} (You found it on level 5 of the Lair of Beasts)
 17255 | Lair:5   | Found a staircase to the Snake Pit.
 17685 | Lair:5   | Acquired Sif Muna's third power
 18193 | Lair:5   | Reached skill level 13 in Short Blades
 18268 | Lair:5   | Reached XP level 13. HP: 89/111 MP: 25/32
 18449 | Lair:5   | Reached skill level 6 in Dodging
 18701 | Lair:6   | Found a staircase to the Shoals.
 19312 | Lair:6   | Found a viscous altar of Jiyva.
 19312 | Lair:6   | Found a staircase to the Slime Pits.
 19449 | Lair:6   | Reached skill level 6 in Fighting
 20260 | Lair:7   | Got an ichor-stained cloak
 20272 | Lair:7   | Identified the +5 cloak of Awe {rElec rPois} (You found it on level 7 of the Lair of Beasts)
 21193 | Lair:7   | Reached skill level 14 in Short Blades
 21523 | Lair:8   | Entered Level 8 of the Lair of Beasts
 21801 | Lair:8   | Reached skill level 12 in Spellcasting
 22209 | Lair:8   | Reached XP level 14. HP: 109/123 MP: 31/34
 22622 | Lair:8   | Reached skill level 6 in Stealth
 23527 | D:10     | Entered Level 10 of the Dungeon
 23534 | D:10     | Noticed Urug
 23551 | D:10     | Killed Urug
 23821 | D:10     | Found a staircase to the Orcish Mines.
 23964 | Orc:1    | Entered Level 1 of the Orcish Mines
 24100 | Orc:1    | Found Klef's Gadget Emporium.
 24291 | Orc:2    | Noticed Snorg
 24298 | Orc:2    | Killed Snorg
 24496 | Orc:2    | Noticed Grum
 24501 | Orc:2    | Killed Grum
 24730 | Orc:2    | Reached skill level 9 in Fighting
 25150 | Orc:3    | Noticed Sonja
 25183 | Orc:3    | Killed Sonja
 25220 | Orc:3    | Noticed Fannar
 25233 | Orc:3    | Killed Fannar
 25242 | Orc:2    | Found Xeduror's Book Shop.
 25293 | Orc:3    | Noticed Harold
 25351 | Orc:3    | Killed Harold
 25812 | Orc:4    | Entered Level 4 of the Orcish Mines
 25812 | Orc:4    | Found a radiant altar of Vehumet.
 26291 | Orc:4    | Found Udiymp's Gadget Emporium.
 26574 | Orc:4    | Found Funiam's Jewellery Shoppe.
 26574 | Orc:4    | Found Daogiowk's Antique Armour Shop.
 26574 | Orc:4    | Found Afeh's Armour Shop.
 26586 | Orc:4    | Found Ewaiczeu's Gadget Emporium.
 26605 | Orc:4    | Received a gift from Sif Muna
 26606 | Orc:4    | YES
 26609 | Orc:4    | Identified Zoyceice's Collected Works on Creation (Sif Muna gifted it to you on level 4 of the Orcish Mines)
 26610 | Orc:4    | GOD
 26612 | Orc:4    | Learned a level 1 spell: Summon Butterflies
 26616 | Orc:4    | Learned a level 3 spell: Abjuration
 26645 | Orc:4    | naga of sif would b e the best suitor
 26832 | Orc:4    | Found a staircase to the Elven Halls.
 27435 | D:10     | You fall through a shaft!
 27503 | D:11     | Found a deep blue altar of Sif Muna.
 27541 | D:11     | Reached XP level 15. HP: 109/138 MP: 35/35
 27547 | D:11     | fucking oops
 27888 | D:11     | god
 28950 | D:12     | god
 29387 | D:12     | Learned a level 5 spell: Phase Shift
 29518 | D:12     | Reached skill level 3 in Translocations
 29621 | D:12     | fuck
 30845 | D:14     | Found Oliarr's Distillery.
 30848 | D:14     | Bought a potion of brilliance for 37 gold pieces
 31104 | D:14     | Found a gate to the Vaults.
 31592 | D:14     | Identified the Tome of the Frostbite
 31598 | D:14     | Learned a level 4 spell: Throw Icicle
 31626 | D:14     | Found a portal to a secret trove of treasure.
 31768 | D:14     | You paid a toll of 5 potions of haste to enter a treasure trove
 31769 | Trove    | Entered a treasure trove
 31770 | Trove    | ergh
 31785 | Trove    | Got a shimmering blowgun
 31788 | Trove    | Identified the +8 blowgun of the Moon {evade, Str-1} (You found it in a treasure trove)
 31833 | Trove    | Got a steaming short sword
 31842 | Trove    | haha 30000
 31842 | Trove    | that;s why this is ok
 31897 | Trove    | very blue...
 32008 | D:15     | Entered Level 15 of the Dungeon
 32072 | D:14     | Bought 2 potions of haste for 210 gold pieces
 32253 | D:6      | Bought a scroll of identify for 28 gold pieces
 32517 | D:15     | Noticed Sovek's ghost (mighty GrFi)
 32571 | D:15     | Found a staircase to the Depths.
 32574 | D:15     | Reached skill level 6 in Translocations
 32574 | D:15     | Reached skill level 1 in Ice Magic
 33163 | D:15     | Found Graana Fuoff's Armour Emporium.
 33169 | D:15     | Bought the +2 hat of Patience {Slay+4 Stlth+} for 609 gold pieces
 33233 | D:15     | Received a gift from Sif Muna
 33234 | D:15     | YES
 33235 | D:15     | Identified Sif Muna's Handbook of Combat Magic (Sif Muna gifted it to you on level 15 of the Dungeon)
 33245 | D:15     | Learned a level 3 spell: Flight
 33427 | D:15     | HOW DID YOU DIE YOU FUCK
 33452 | D:15     | Killed Sovek's ghost
 33452 | D:15     | Reached XP level 16. HP: 65/152 MP: 32/36
 33686 | D:15     | Found an opulent altar of Gozag.
 33768 | D:15     | Reached skill level 3 in Ice Magic
 33990 | D:15     | noooooooooooooo multiple identifues huh
 34533 | Snake:1  | Entered Level 1 of the Snake Pit
 34570 | Snake:1  | Noticed Nessos
 34585 | Snake:1  | Killed Nessos
 34590 | Snake:1  | Learned a level 2 spell: Ensorcelled Hibernation
 34594 | Snake:1  | Learned a level 3 spell: Dazzling Spray
 34684 | Snake:1  | Reached skill level 9 in Dodging
 34700 | Snake:1  | Identified the +5 short sword of Instant Death {elec, -Tele +Rage rC++ SInv} (You found it in a treasure trove)
 34764 | Snake:1  | YES
 34778 | Snake:1  | Learned a level 4 spell: Iskenderun's Mystic Blast
 34783 | Snake:1  | Learned a level 4 spell: Fulminant Prism
 34791 | Snake:1  | Learned a level 5 spell: Venom Bolt
 34825 | Snake:1  | Noticed Aizul
 34838 | Snake:1  | Killed Aizul
 34838 | Snake:1  | Reached skill level 1 in Poison Magic
 34892 | Snake:1  | Found Asaozxarph's Jewellery Boutique.
 34898 | Snake:1  | Reached skill level 1 in Hexes
 35115 | Snake:1  | Got a steaming great sword
 35257 | Snake:1  | Identified the +5 great sword of the Warrior {drain, Str+1} (You found it on level 1 of the Snake Pit)
 35462 | Snake:1  | Reached skill level 3 in Poison Magic
 35612 | Snake:2  | Reached skill level 3 in Hexes
 36733 | Snake:3  | Reached skill level 6 in Conjurations
 37154 | Snake:3  | haha
 37214 | Snake:3  | Gained mutation: You are partially covered in rough black scales (AC +4, Dex -1). [potion of beneficial mutation]
 37513 | Snake:3  | Reached skill level 6 in Poison Magic
 38200 | Snake:3  | Received a gift from Sif Muna
 38204 | Snake:3  | Identified Sif Muna's Guide on Poison (Sif Muna gifted it to you on level 3 of the Snake Pit)
 38328 | Snake:4  | Reached XP level 17. HP: 135/159 MP: 33/37
 38336 | Snake:4  | Learned a level 2 spell: Cure Poison
 38766 | Snake:4  | Noticed Frances
 38775 | Snake:4  | Killed Frances
 39225 | Snake:4  | Upgraded the game from 0.15-a0-2327-gc7140f0 to 0.15-a0-2370-ga66baa6
 39227 | Snake:5  | Entered Level 5 of the Snake Pit
 39376 | Snake:5  | haha
 39453 | Snake:5  | Got a pair of faintly humming gloves
 39454 | Snake:5  | lol
 39495 | Snake:5  | Got a faintly glowing dire flail
 39515 | Snake:5  | Identified the +2 pair of gloves "Xiebbov" {rPois} (You found it on level 5 of the Snake Pit)
 40128 | Snake:5  | Reached skill level 9 in Conjurations
 41216 | Snake:5  | HP: 31/159 [naga ritualist/Olgreb's Toxic Radiance (2)]
 41221 | Snake:4  | HP: 31/159 [poisoned by a naga ritualist (toxic radiance)]
 41793 | Snake:5  | Learned a level 6 spell: Poison Arrow
 41855 | Snake:5  | Upgraded the game from 0.15-a0-2370-ga66baa6 to 0.15-a0-2387-gbf02086
 42170 | Snake:5  | Reached skill level 9 in Poison Magic
 42450 | Snake:5  | Reached XP level 18. HP: 143/168 MP: 36/38
 42639 | Snake:5  | Got a serpentine rune of Zot
 42647 | Snake:5  | Received a gift from Sif Muna
 42648 | Snake:5  | Identified Sif Muna's Tome of Glacial Battle Magic (Sif Muna gifted it to you on level 5 of the Snake Pit)
 42724 | Snake:5  | Reached skill level 12 in Dodging
 42748 | Snake:5  | Reached skill level 12 in Fighting
 43220 | Lair:5   | Upgraded the game from 0.15-a0-2387-gbf02086 to 0.15-a0-2393-g54a05ab
 43479 | Vaults:1 | Entered Level 1 of the Vaults
 44503 | Vaults:1 | Lost mutation: You are partially covered in rough black scales (AC +4, Dex -1). [helix card]
 45077 | Vaults:1 | god why
 45078 | Vaults:1 | Mangled by a white very ugly thing

Vault maps used:
D:1:      onia_arrival_pyramid
D:2:      okawaru_ov_weapons_minmay
D:3:      first_bread, uniq_jessica, uniq_natasha
D:4:      minmay_temple_entry_statues_pillars, serial_shops, nicolae_shop_stone
D:5:      uniq_edmund
D:6:      serial_shops, shop, uniq_menkaure, uniq_grinder
D:7:      serial_shops, shop, hangedman_decor_growths, grunt_livestock,
          vehumet_altar_wand_db, uniq_eustachio
D:8:      minmay_diamond_stairs, erik_lair_island, minmay_mini_ossuary
D:9:      serial_shops, nicolae_shop_waterfront, grunt_decor_one_mirror
D:10:     zombieorc2_lemuel, kennysheep_generic_room_15, uniq_urug
D:11:     basic_altar
D:12:     hangedman_devilish_allure
D:13:     special_room
D:14:     david_vaults_1, nicolae_trove_entry_path_of_doom,
          grunt_decor_resistance, serial_shops, kennysheep_mini,
          minmay_misc_feat_nine_boxes
D:15:     hangedman_depths_entry_civil_slaughter, minmay_tree_intersection,
          serial_shops, nicolae_shop_temple_entry_statues_fountains,
          serial_column_ruins, column_ruins_temple_circle,
          column_ruins_open_tiny, column_ruins_grid_1, column_ruins_grid_1,
          column_ruins_open_tiny, column_ruins_open_small,
          column_ruins_columns_dead_end
Temple:   kilobyte_greek_temple_18
Orc:1:    serial_shops, shop, nicolae_orc_tapped_out
Orc:2:    serial_shops, shop, uniq_grum, uniq_snorg
Orc:3:    nicolae_orc_pool_cavern, uniq_sonja, uniq_fannar, uniq_harold
Orc:4:    basic_altar, serial_shops, shop, st_orc_ogre_mass
Lair:1:   uniq_joseph
Lair:2:   small_statue_intersection, infiniplex_staircase_pool_2
Lair:4:   grunt_megastairs_3, uniq_maud, uniq_erica, uniq_nergalle
Lair:5:   minmay_snake_entry_guardpost_small
Lair:6:   elwin_shoals_entry_stream, slime_altar_1
Lair:7:   dragon1_lemuel, serial_bayou_lake_a
Lair:8:   minmay_lair_end_enchanted_forest, grunt_megastairs_4
Snake:1:  serial_shops, shop_fountains, hangedman_snake_thin_pillar_pass,
          uniq_aizul, uniq_nessos
Snake:2:  serial_bayou_shore_b, lemuel_fruit_tree
Snake:4:  grunt_ministairs_11, nicolae_snake_double_loop, spider_trap,
          minmay_snake_pond, uniq_frances
Snake:5:  snake_pit, hangedman_snake_corridor_cut
Vaults:1: vaults_standard_mumra_x, vaults_standard_mumra_lines, v_alt_pattern_4,
          v_pattern_5, nicolae_vaults_big_angled_halls, grunt_vaults_diagonal,
          v_misc_27, vaults_room_grunt_arrival_ludios, v_alt_pattern_6,
          nicolae_vaults_little_squares_1, st_diamondy, vaults_room_hallway,
          ontoclasm_vaults_ligature, uniq_wiglaf
Trove:    trove_garden

Action                   |  1- 3 |  4- 6 |  7- 9 | 10-12 | 13-15 | 16-18 || total
-------------------------+-------+-------+-------+-------+-------+-------++-------
Melee: Unarmed           |     6 |       |       |       |    12 |    87 ||   105
       Whip              |    10 |       |       |       |       |       ||    10
       Hand axe          |     9 |    12 |     2 |       |       |       ||    23
       Falchion          |       |       |    10 |       |       |       ||    10
       Cutlass           |       |       |     5 |   414 |  1658 |  1217 ||  3294
 Cast: Magic Dart        |    65 |   116 |   482 |   616 |   259 |     3 ||  1541
       Repel Missiles    |     1 |       |       |     2 |       |     8 ||    11
       Conjure Flame     |       |     5 |    26 |    52 |    37 |     6 ||   126
       Blink             |       |     4 |     4 |     6 |    13 |    11 ||    38
       Call Imp          |       |       |       |     3 |    17 |       ||    20
       Mephitic Cloud    |       |       |       |     1 |       |       ||     1
       Phase Shift       |       |       |       |       |     4 |    36 ||    40
       Throw Icicle      |       |       |       |       |       |   114 ||   114
       Fulminant Prism   |       |       |       |       |       |    18 ||    18
       Summon Butterflie |       |       |       |       |       |     9 ||     9
       Dazzling Spray    |       |       |       |       |       |     9 ||     9
       Ensorcelled Hiber |       |       |       |       |       |     2 ||     2
       Cure Poison       |       |       |       |       |       |     1 ||     1
       Poison Arrow      |       |       |       |       |       |    19 ||    19
Invok: Channel Energy    |       |       |    64 |    93 |     1 |    81 ||   239
       Forget Spell      |       |       |       |       |       |     2 ||     2
 Abil: Spit Poison       |    19 |    16 |    51 |    43 |    10 |       ||   139
       Evoke Invisibilit |       |       |       |       |     2 |     4 ||     6
Evoke: Wand              |       |     1 |     2 |     8 |     9 |     6 ||    26
       Deck              |       |       |       |       |     4 |     2 ||     6
  Use: Potion            |       |     4 |       |     2 |     1 |     3 ||    10
       Scroll            |       |     2 |     6 |    17 |    18 |    11 ||    54
 Stab: Sleeping          |     4 |       |     2 |    13 |    30 |    52 ||   101
       Distracted        |       |       |       |     1 |     7 |     2 ||    10
       Fleeing           |       |       |       |       |     1 |       ||     1
       Invisible         |       |       |       |       |       |     3 ||     3
  Eat: Chunk             |     3 |     8 |    41 |    51 |    48 |    57 ||   208
